 Dungeon Crawl Stone Soup version 0.24-a0-784-g601f8f6d22 (webtiles) character file.

Game seed: 8602603074441581056, levelgen mode: deterministic

112 Gynju the Magician (level 4, 0/24 HPs)
             Began as a Deep Elf Fire Elementalist on Oct 9, 2019.
             Slain by an orc (4 damage)
             ... on level 3 of the Dungeon.
             The game lasted 00:03:03 (2697 turns).

Gynju the Magician (Deep Elf Fire Elementalist)     Turns: 2697, Time: 00:03:04

Health: 0/24       AC:  2    Str:  5    XL:     4   Next: 64%
Magic:  5/12       EV: 14    Int: 21    God:
Gold:   115        SH:  0    Dex: 15    Spells: 5/11 levels left

rFire    . . .     SeeInvis .   (no weapon)
rCold    . . .     Gourm    .   (no shield)
rNeg     . . .     Faith    .   a - +0 robe
rPois    .         Spirit   .   (no helmet)
rElec    .         Reflect  .   (no cloak)
rCorr    .         Harm     .   (no gloves)
MR       .....                  (no boots)
Stlth    ++........             (no amulet)
HPRegen  0.08/turn              (no ring)
MPRegen  0.13/turn              (no ring)

@: very slightly contaminated
A: no striking features
a: no special abilities


You were on level 3 of the Dungeon.
You were not hungry.

You visited 1 branch of the dungeon, and saw 3 of its levels.

You collected 115 gold pieces.

Inventory:

Armour
 a - a +0 robe (worn)
Scrolls
 d - a scroll of identify {unknown}
 e - a scroll of random uselessness {unknown}
 f - 2 scrolls of teleportation {unknown}
 g - 2 scrolls of fog {unknown}
 i - a scroll of enchant armour {unknown}
Potions
 b - 3 potions of lignification {unknown}
 h - a potion of haste {unknown}
 j - 2 potions of might {unknown}
Comestibles
 c - 3 rations
 k - 3 chunks of flesh


   Skills:
 + Level 3.5 Dodging
 - Level 2.4 Stealth
 + Level 4.2 Spellcasting
 + Level 2.6 Conjurations
 + Level 4.1 Fire Magic


You had 5 spell levels left.
You knew the following spells:

 Your Spells              Type           Power        Failure   Level  Hunger
a - Flame Tongue          Conj/Fire      ###..        3%          1    None
b - Throw Flame           Conj/Fire      ###...       4%          2    #......
c - Conjure Flame         Conj/Fire      ###.....     9%          3    ###....

Your spell library contained the following spells:

 Spells                   Type           Power        Failure   Level  Hunger
 Inner Flame              Hex/Fire       ##......     16%         3    ###....
 Sticky Flame             Conj/Fire      ###.....     28%         4    ####...
 Fireball                 Conj/Fire      ###.......   63%         5    ######.


Dungeon Overview and Level Annotations

Branches:
Dungeon (3/15)

Altars:
Cheibriados
Dithmenos
Okawaru
Xom
Yredelemnul
Zin


Message History

Confirm with . or Enter, or press ? or * to list all spells.
Aiming: Flame Tongue (safe; 3% risk of failure)
Press: ? - help, Shift-Dir - straight line, f/p - orc
Aim: an orc, wielding a +0 hand axe and wearing a +0 chain mail (moderately wounded)
The flame tongue hits the orc but does no damage.
The orc is moderately wounded.
The orc hits you with a +0 hand axe.
* * * LOW HITPOINT WARNING * * *
The orc closely misses you. The hobgoblin closely misses you.
Casting: Flame Tongue (safe; 3% risk of failure)
Confirm with . or Enter, or press ? or * to list all spells.
Aiming: Flame Tongue (safe; 3% risk of failure)
Press: ? - help, Shift-Dir - straight line, f/p - orc
Aim: an orc, wielding a +0 hand axe and wearing a +0 chain mail (moderately wounded)
The flame tongue hits the orc but does no damage.
The orc is moderately wounded.
The orc hits you.
* * * LOW HITPOINT WARNING * * *
The orc hits you.
You die...

... ..# . ..# #.# .. ..
#..##.# ... ..##.....###
.<.. . ....#.#...##.....
...##..h..!......(. ..
#.....og.......#... #.
....K.o@.......#....###.
#####.oo.......#.# ....
##...........#####.)
##..[.......#....#.
#####..#.>....<...#.
............)......#.
#########....#.....#.
#....#......#
#.........###


You could see 4 orcs, a jackal, a hobgoblin and a kobold.

Vanquished Creatures
  A scorpion (D:3)
  A worm (D:2)
  2 orcs
  4 giant cockroaches
  9 goblins
  3 hobgoblins
  10 jackals
  4 kobolds
  A quokka (D:2)
  2 ball pythons (D:2)
  6 bats
  2 frilled lizards (D:1)
  6 rats
51 creatures vanquished.

Notes
Turn   | Place    | Note
-------+----------+-------------------------------------------
     0 | D:1      | Gynju the Deep Elf Fire Elementalist began the quest for
                  | the Orb.
     0 | D:1      | Reached XP level 1. HP: 10/10 MP: 6/6
   153 | D:1      | Reached XP level 2. HP: 15/15 MP: 5/8
  1155 | D:2      | Reached XP level 3. HP: 19/19 MP: 3/10
  1197 | D:1      | Learned a level 2 spell: Throw Flame
  1201 | D:1      | Learned a level 3 spell: Conjure Flame
  2371 | D:2      | Found an iron altar of Okawaru.
  2371 | D:2      | Found a glowing silver altar of Zin.
  2371 | D:2      | Found a snail-covered altar of Cheibriados.
  2371 | D:2      | Found a basalt altar of Yredelemnul.
  2373 | D:2      | Found a shadowy altar of Dithmenos.
  2375 | D:2      | Found a shimmering altar of Xom.
  2479 | D:3      | Noticed a scorpion
  2486 | D:3      | Killed a scorpion
  2486 | D:3      | Reached XP level 4. HP: 11/24 MP: 3/12
  2697 | D:3      | Slain by an orc

Levels and vault maps discovered:
D:1:      dpeg_arrival_subterranean_lakeside_camping, layout_basic
D:2:      layout_rooms, minitemple
D:3:      layout_rooms, gup_sewer_entry_glass

Skill      XL: |  1  2  3 |
---------------+----------+-----
Dodging        | 3 |  3.5
Conjurations   | 2 |  2.6
Spellcasting   | 4 |  4.2
Fire Magic     | 4 |  4.1
Stealth        | |  2.4

Action                   |  1- 3 |  4- 6 || total
-------------------------+-------+-------++-------
Melee: Unarmed           |    29 |       ||    29
 Cast: Flame Tongue      |    95 |    10 ||   105
  Eat: Chunk             |     3 |       ||     3
       Ration            |       |     1 ||     1
Armor: Robe              |    14 |       ||    14
Dodge: Dodged            |    97 |     6 ||   103

Table legend:
 A = Non-vault XP
 B = Vault XP
 C = Vault XP percentage of total XP
 D = Non-vault monster count
 E = Vault monster count
 F = Vault count percentage of total count
                 A         B        C        D         E       F
            +---------+---------+-------+---------+---------+-------
      Total |     153 |       8 |   5.0 |      45 |       6 |  11.8
            +---------+---------+-------+---------+---------+-------
        D:1 |      31 |       8 |  20.5 |      18 |       6 |  25.0
        D:2 |      47 |       0 |   0.0 |      24 |       0 |   0.0
        D:3 |      75 |       0 |   0.0 |       3 |       0 |   0.0
            +---------+---------+-------+---------+---------+-------
